 Dungeon Crawl Stone Soup version 0.29-a0-1052-g6990b1bffc (webtiles) character file.

Game seed: 14955830562236490447

124 themarg the Insei (level 5, -4/40 HPs)
             Began as a Gnoll Transmuter on Aug 18, 2022.
             Was a Believer of Zin.
             Killed from afar by an orc wizard (5 damage)
             ... with a puff of flame
             ... on level 3 of the Dungeon.
             The game lasted 00:09:16 (2782 turns).

themarg the Insei (Gnoll Transmuter)                Turns: 2782, Time: 00:09:17

Health: -4/40      AC:  2    Str: 16    XL:     5   Next: 8%
Magic:  12/12      EV: 13    Int: 14    God:    Zin [**....]
Gold:   47         SH:  0    Dex: 12    Spells: 11/14 levels left

rFire   . . .      SeeInvis .   l - +1 whip (freeze)
rCold   . . .      Faith    .   (no shield)
rNeg    . . .      Spirit   .   a - +0 robe
rPois   .          Reflect  .   (no helmet)
rElec   .          Harm     .   (no cloak)
rCorr   .          Rampage  .   (no gloves)
Will    .....                   (no boots)
Stlth   +.........              (no amulet)
HPRegen 0.13/turn               c - +6 ring of strength
MPRegen 0.13/turn               (no ring)

@: confused
A: fangs 1, strong nose, distributed training
a: Renounce Religion, Recite, Vitalisation, Donate Gold


You were on level 3 of the Dungeon.
You worshipped Zin.
Zin was pleased with you.
You visited 1 branch of the dungeon, and saw 3 of its levels.

You collected 105 gold pieces.
You donated 58 gold pieces to Zin.

Inventory:

Hand Weapons
 l - a +1 whip of freezing (weapon)
 o - a +0 rapier
 s - a +0 dagger of venom
Missiles
 f - 4 atropa-tipped darts
 i - 39 stones
Armour
 a - a +0 robe (worn)
 m - a +0 helmet
Jewellery
 c - a +6 ring of strength (left hand)
 n - a ring of fire
Scrolls
 j - 3 scrolls of identify {unknown}
 p - a scroll of immolation {unknown}
 r - a scroll of vulnerability {unknown}
 t - 3 scrolls of amnesia {unknown}
Potions
 b - a potion of lignification
 d - a potion of magic {unknown}
 e - 2 potions of haste {unknown}
 g - 2 potions of brilliance {unknown}
 h - a potion of ambrosia {unknown}
 k - a potion of flight {unknown}
 q - a potion of berserk rage {unknown}


   Skills:
 + Level 2.9 Fighting
 + Level 1.4 Short Blades
 + Level 1.4 Long Blades
 + Level 1.4 Axes
 + Level 1.4 Maces & Flails
 + Level 1.4 Polearms
 + Level 1.4 Staves
 + Level 1.4 Ranged Weapons
 + Level 1.4 Throwing
 + Level 1.4 Armour
 + Level 4.7 Dodging
 + Level 1.4 Stealth
 + Level 1.4 Shields
 + Level 6.6 Unarmed Combat
 + Level 5.1 Spellcasting
 + Level 1.1 Conjurations
 + Level 1.1 Hexes
 + Level 1.1 Summonings
 + Level 1.1 Necromancy
 + Level 1.1 Translocations
 + Level 3.9 Transmutations
 + Level 1.1 Fire Magic
 + Level 1.1 Ice Magic
 + Level 1.1 Air Magic
 + Level 1.1 Earth Magic
 + Level 1.1 Poison Magic
 + Level 1.5 Invocations
 + Level 1.4 Evocations


You had 11 spell levels left.
You knew the following spells:

 Your Spells              Type           Power      Damage    Failure   Level
a - Beastly Appendage     Tmut           28%        N/A       3%          1
b - Wereblood             Tmut           14%        N/A       4%          2

Your spell library contained the following spells:

 Spells                   Type           Power      Damage    Failure   Level
 Apportation              Tloc           12%        N/A       11%         1
 Summon Small Mammal      Summ           24%        N/A       11%         1
 Spider Form              Tmut/Pois      10%        N/A       19%         3
 Call Canine Familiar     Summ           6%         N/A       32%         3
 Summon Guardian Golem    Hex/Summ       6%         N/A       32%         3
 Ice Form                 Ice/Tmut       10%        N/A       52%         4
 Alistair's Intoxication  Tmut/Pois      6%         N/A       86%         5


Dungeon Overview and Level Annotations

Branches:
Dungeon (3/15)

Altars:
Zin

Shops:
D:2 =


Innate Abilities, Weirdness & Mutations

You have very sharp teeth.
Your uncanny sense of smell can sniff out nearby items.
Your experience applies equally to all skills.


Message History

The orc shouts!
You hear a shout!
You barely miss the orc priest.
The orc priest is heavily wounded.
An orc wizard comes into view. It is wielding a +0 dagger.
The orc priest hits you with a +0 falchion.
You hit the orc priest. You freeze the orc priest.
The orc priest is almost dead.
The orc priest mumbles some strange prayers to Beogh against you.
Pain shoots through your body!
* * * LOW HITPOINT WARNING * * *
You hit the orc priest. You freeze the orc priest.
You kill the orc priest!
You have reached level 5!
You hit the orc. You freeze the orc.
You kill the orc!
The orc wizard mumbles some strange words.
The orc wizard flickers and vanishes!
Deactivating autopickup; reactivate with Ctrl-A.
You hit the orc. You freeze the orc.
The orc is moderately wounded.
You miss something. You bite something. You closely miss something.
Something hits you.
* * * LOW HITPOINT WARNING * * *
You miss something. Your bite misses something. Something barely misses you.
You hit something. You freeze something. Something hits you.
* * * LOW HITPOINT WARNING * * *
The orc misses you.
Items here: )) [ †.
You hit the orc. You freeze the orc.
The orc is almost dead.
The orc hits you with a +0 hand axe!
* * * LOW HITPOINT WARNING * * *
You hear some strange, mumbled words.
You are confused.
You're too confused to move!
You hear some strange, mumbled words.
A puff of flame appears from out of thin air!
The puff of flame hits you.
You die...

..# ..+ ♣.# ..#
♣.##### ..##
♣.....# ...##
♣..##.# ....##
♣.....# .....#
♣.....###.....#
#<#.....@o....#
##.....{#.##.##
#>..............
#...##..........#
#.. ###.#..$.....
#<. ###########.
#. . # ∆


You could see an orc.

Vanquished Creatures
  An orc priest (D:3)
  An adder (D:2)
  3 gnolls (D:2)
  2 dart slugs
  An orc (D:3)
  6 bats
  3 endoplasms
  4 giant cockroaches
  10 goblins
  4 hobgoblins
  5 kobolds
  A quokka (D:2)
  6 ball pythons
  2 rats
49 creatures vanquished.

Notes
Turn   | Place    | Note
-------+----------+-------------------------------------------
     0 | D:1      | themarg the Gnoll Transmuter began the quest for the Orb.
     0 | D:1      | Reached XP level 1. HP: 17/17 MP: 6/6
   470 | D:1      | Reached XP level 2. HP: 22/23 MP: 5/7
   476 | D:1      | Learned a level 2 spell: Wereblood
  1303 | D:1      | Reached skill level 5 in Spellcasting
  1303 | D:1      | Reached XP level 3. HP: 28/28 MP: 6/9
  1645 | D:2      | Reached skill level 1 in Invocations
  1648 | D:2      | Reached skill level 1 in Short Blades
  1648 | D:2      | Reached skill level 1 in Long Blades
  1648 | D:2      | Reached skill level 1 in Axes
  1648 | D:2      | Reached skill level 1 in Maces & Flails
  1648 | D:2      | Reached skill level 1 in Polearms
  1648 | D:2      | Reached skill level 1 in Staves
  1648 | D:2      | Reached skill level 1 in Ranged Weapons
  1648 | D:2      | Reached skill level 1 in Throwing
  1648 | D:2      | Reached skill level 1 in Armour
  1648 | D:2      | Reached skill level 1 in Stealth
  1648 | D:2      | Reached skill level 1 in Shields
  1648 | D:2      | Reached skill level 1 in Evocations
  2113 | D:2      | Reached XP level 4. HP: 34/34 MP: 11/11
  2258 | D:2      | Found Oliantaam's Jewellery Boutique.
  2382 | D:2      | Reached skill level 1 in Conjurations
  2382 | D:2      | Reached skill level 1 in Hexes
  2382 | D:2      | Reached skill level 1 in Summonings
  2382 | D:2      | Reached skill level 1 in Necromancy
  2382 | D:2      | Reached skill level 1 in Translocations
  2382 | D:2      | Reached skill level 1 in Fire Magic
  2382 | D:2      | Reached skill level 1 in Ice Magic
  2382 | D:2      | Reached skill level 1 in Air Magic
  2382 | D:2      | Reached skill level 1 in Earth Magic
  2382 | D:2      | Reached skill level 1 in Poison Magic
  2405 | D:2      | Found a faded altar of an unknown god.
  2738 | D:2      | Prayed at the altar of an unknown god.
  2738 | D:2      | Became a worshipper of Zin the Law-Giver
  2738 | D:2      | Reached * piety under Zin
  2738 | D:2      | Reached ** piety under Zin
  2761 | D:2      | Donated 48 gold pieces to Zin
  2774 | D:3      | Reached XP level 5. HP: 11/40 MP: 12/12
  2781 | D:3      | HP: 1/40 [orc/+0 hand axe (7)]
  2782 | D:3      | Killed from afar by an orc wizard

Illustrated notes

Levels and vault maps discovered:
D:1:      reono_arrival_mine, layout_basic
D:2:      kennysheep_the_goblin_king, layout_loops_ring,
          hellmonk_ecumenical_altar_zigzags, serial_shops, shop
D:3:      layout_basic, mainiacjoe_overflow_24_doors,
          nicolae_hepliaklqana_hippocampus, serial_forest,
          infiniplex_forest_end_3, infiniplex_forest_end_3,
          infiniplex_forest_straight_2, infiniplex_forest_clump_diagonal,
          infiniplex_forest_straight_5, infiniplex_forest_clump_diagonal,
          infiniplex_forest_end_1, infiniplex_forest_clump_large,
          ebering_ghost_sewer_d, kennysheep_generic_room_3

Skill      XL: |  1  2  3  4 |
---------------+-------------+-----
Spellcasting   | 5 |  5.1
Invocations    | 1 |  1.5
Short Blades   | 1 |  1.4
Long Blades    | 1 |  1.4
Axes           | 1 |  1.4
Maces & Flails | 1 |  1.4
Polearms       | 1 |  1.4
Staves         | 1 |  1.4
Ranged Weapons | 1 |  1.4
Throwing       | 1 |  1.4
Armour         | 1 |  1.4
Stealth        | 1 |  1.4
Shields        | 1 |  1.4
Evocations     | 1 |  1.4
Conjurations   | 1 |  1.1
Hexes          | 1 |  1.1
Summonings     | 1 |  1.1
Necromancy     | 1 |  1.1
Translocations | 1 |  1.1
Fire Magic     | 1 |  1.1
Ice Magic      | 1 |  1.1
Air Magic      | 1 |  1.1
Earth Magic    | 1 |  1.1
Poison Magic   | 1 |  1.1
Fighting       | |  2.9
Dodging        | |  4.7
Unarmed Combat | |  6.6
Transmutations | |  3.9

Action                   |  1- 3 |  4- 6 || total
-------------------------+-------+-------++-------
Melee: Unarmed           |    22 |       ||    22
       Headbutt          |     6 |     2 ||     8
       Kick              |    11 |     3 ||    14
       Club              |    15 |       ||    15
       Whip              |    32 |    46 ||    78
       Bite              |     5 |     3 ||     8
       Punch             |     1 |     2 ||     3
 Cast: Beastly Appendage |    20 |     9 ||    29
       Wereblood         |       |     3 ||     3
Invok: Donate Gold       |       |     1 ||     1
 Stab: Sleeping          |     3 |     2 ||     5
Armor: Robe              |    11 |     5 ||    16
Dodge: Dodged            |    33 |    24 ||    57

Table legend: (Time is in decaauts)
 A = Elapsed time spent in this place.
 B = Non-inter-level travel time spent in this place.
 C = Inter-level travel time spent in this place.
 D = Time resting spent in this place.
 E = Time spent auto-exploring this place.
 F = Levels seen in this place.
 G = Mean time per level.
                   A        B        C        D        E       F      G
               +--------+--------+--------+--------+--------+-----+--------+
         Total |   2785 |   2696 |     89 |    700 |   1389 |   3 |  928.3 |
       Dungeon |   2785 |   2696 |     89 |    700 |   1389 |   3 |  928.3 |
               +--------+--------+--------+--------+--------+-----+--------+

Top non-repeatable levels by time:
     D:1: 1732 daAuts
     D:2: 1034 daAuts
     D:3: 19 daAuts
